 Dungeon Crawl Stone Soup version 0.25-a0-939-g1e880d3 (webtiles) character file.

Game seed: 16530223740066703245, levelgen mode: deterministic

385 DrEnzyme the Magician (level 7, -4/41 HPs)
             Began as a Kobold Wanderer on May 5, 2020.
             Slain by an orc priest
             ... wielding a cursed -1 dagger
              (5 damage)
             ... on level 4 of the Dungeon.
             The game lasted 00:15:36 (6422 turns).

DrEnzyme the Magician (Kobold Wanderer)             Turns: 6422, Time: 00:15:36

Health: -4/41      AC:  4    Str: 12    XL:     7   Next: 6%
Magic:  14/14      EV: 15    Int: 13    God:
Gold:   119        SH:  0    Dex: 14    Spells: 14/16 levels left

rFire    . . .     SeeInvis .   a - +1 dagger
rCold    . . .     Gourm    .   (shield restricted)
rNeg     . . .     Faith    .   d - +0 robe
rPois    .         Spirit   .   (no helmet)
rElec    .         Reflect  .   r - +0 cloak
rCorr    .         Harm     .   (no gloves)
MR       .....                  q - +0 pair of boots
Stlth    ++........             (no amulet)
HPRegen  0.13/turn              (no ring)
MPRegen  0.14/turn              (no ring)

@: no status effects
A: small, carnivore
a: no special abilities


You were on level 4 of the Dungeon.
You were not hungry.

You visited 1 branch of the dungeon, and saw 5 of its levels.

You collected 119 gold pieces.

Inventory:

Hand Weapons
 a - a +1 dagger (weapon)
Missiles
 m - 25 poisoned darts (quivered)
Armour
 d - a +0 robe (worn)
 q - a +0 pair of boots (worn)
 r - a +0 cloak (worn)
Scrolls
 c - 2 scrolls of remove curse
 e - a scroll of magic mapping
 i - a scroll of identify
Potions
 g - a potion of brilliance
 o - 2 potions of resistance
Comestibles
 f - 7 rations


   Skills:
 + Level 3.3 Fighting
   Level 1.0 Staves
 - Level 2.2 Throwing
 + Level 2.6 Dodging
 + Level 1.4 Stealth
 + Level 5.1 Spellcasting
   Level 1.0 Summonings
 + Level 3.5 Necromancy


You had 14 spell levels left.
You knew the following spells:

 Your Spells              Type           Power        Failure   Level  Hunger
a - Pain                  Necr           ##..         4%          1    None
b - Animate Skeleton      Necr           N/A          4%          1    None

Your spell library contained the following spells:

 Spells                   Type           Power        Failure   Level  Hunger
 Vampiric Draining        Necr           ##........   13%         3    ###....
 Sting                    Tmut/Pois      #...         19%         1    None
 Shroud of Golubria       Chrm/Tloc      #.....       28%         2    ##.....
 Swiftness                Chrm/Air       #.......     28%         2    ##.....
 Animate Dead             Necr           N/A          38%         4    ####...
 Ignite Poison            Fire/Tmut/Pois #.......     50%         3    ###....
 Agony                    Necr           ##......     75%         5    ######.


Dungeon Overview and Level Annotations

Branches:
Dungeon (5/15)
 Temple: D:4-7

Altars:

Annotations:
D:3 Natasha
D:5 Dowan


Innate Abilities, Weirdness & Mutations

You are small and have problems with some larger weapons.
You are carnivorous and can eat meat at any time.


Message History

You throw a poisoned dart.
The poisoned dart closely misses the orc.
The poisoned dart closely misses the orc priest.
Throwing (i - inventory)
m - 27 poisoned darts (quivered)
Press: ? - help, Shift-Dir - straight line, f/p - orc
Aim: an orc, wielding a +2 flail of holy wrath and wearing a +0 leather armour (moderately wounded, poisoned)
You throw a poisoned dart. The poisoned dart hits the orc.
The orc looks even sicker.
The orc is moderately wounded.
The orc hits you with a +2 flail of holy wrath!
* * * LOW HITPOINT WARNING * * *
The orc priest misses you.
Throwing (i - inventory)
m - 26 poisoned darts (quivered)
Press: ? - help, Shift-Dir - straight line, f/p - orc
Aim: an orc, wielding a +2 flail of holy wrath and wearing a +0 leather armour (severely wounded, very poisoned)
You throw a poisoned dart. The poisoned dart hits the orc.
The orc looks even sicker.
The orc is severely wounded.
The orc priest hits you with a cursed -1 dagger.
You die...

########### #..........
############..........
...#(................
#.......##..........
...###.......##..........
#..........##..........
#....#oo...##..........
#...o#@....##..........
l.o....#.............=<#.
.......##.......###......
....### #.#####.# #......
.... #.# #.# #...... ##.
#.# ### #...... # #.#
#....(. . #+# ##...... .
⌠ ⌠ .........


You could see an orc priest and an orc.

Vanquished Creatures
  A porcupine (D:3)
  A crimson imp (D:4)
  A gnoll shaman (D:3)
  A hound (D:4)
  A worker ant (D:4)
  Natasha (D:3)
  3 gnolls
  3 adders
  2 oozes
  A dart slug (D:3)
  2 leopard geckos
  2 orcs
  13 bats
  4 giant cockroaches
  9 goblins
  5 hobgoblins
  2 quokkas (D:3)
  8 frilled lizards
  7 kobolds
  4 rats
71 creatures vanquished.

Vanquished Creatures (collateral kills)
  A goblin (D:3)
1 creature vanquished.

Grand Total: 72 creatures vanquished

Notes
Turn   | Place    | Note
-------+----------+-------------------------------------------
     0 | D:1      | DrEnzyme the Kobold Wanderer began the quest for the Orb.
     0 | D:1      | DrEnzyme set off with the following items: a +0 dagger, a
                  | +0 robe, a ration; and the following spells available to
                  | memorise: Animate Skeleton, Pain, Sting, Vampiric Draining,
                  | Shroud of Golubria, Swiftness, Ignite Poison, Animate Dead,
                  | Agony
     0 | D:1      | Reached XP level 1. HP: 12/12 MP: 3/3
     2 | D:1      | Learned a level 1 spell: Animate Skeleton
     4 | D:1      | Learned a level 1 spell: Pain
   308 | D:1      | Reached XP level 2. HP: 15/18 MP: 1/5
  1036 | D:1      | Reached XP level 3. HP: 22/22 MP: 7/7
  1203 | D:2      | Reached skill level 3 in Spellcasting
  1774 | D:2      | Reached skill level 1 in Dodging
  2030 | D:2      | Reached XP level 4. HP: 9/27 MP: 1/9
  3333 | D:3      | Noticed Natasha
  3346 | D:3      | Killed Natasha
  3346 | D:3      | Reached XP level 5. HP: 14/32 MP: 2/10
  3452 | D:3      | Reached skill level 4 in Spellcasting
  3814 | D:3      | Noticed Natasha
  4396 | D:3      | Noticed a porcupine
  4396 | D:3      | a hound changed into a porcupine
  5246 | D:3      | Reached XP level 6. HP: 2/37 MP: 5/12
  5707 | D:5      | Entered Level 5 of the Dungeon
  5709 | D:5      | Noticed Dowan
  5969 | D:4      | Noticed Grinder
  5982 | D:4      | Noticed Grinder
  5982 | D:4      | Grinder changed into Grinder the crimson imp
  5998 | D:4      | Killed Grinder the crimson imp
  6302 | D:3      | Killed a porcupine
  6302 | D:3      | Reached skill level 1 in Stealth
  6302 | D:3      | Reached skill level 5 in Spellcasting
  6302 | D:3      | Reached XP level 7. HP: 34/41 MP: 14/14
  6421 | D:4      | HP: 1/41 [orc/+2 flail of holy wrath (7)]
  6422 | D:4      | Slain by an orc priest

Levels and vault maps discovered:
D:1:      beargit_arrival_greenhouse, layout_basic
D:2:      layout_rooms
D:3:      layout_basic, grunt_decor_fettered, uniq_natasha
D:4:      minmay_inner_zag, layout_basic, temple_doors_e,
          lightli_corner_chamber, uniq_grinder
D:5:      layout_basic, kennysheep_mini, first_ration,
          minmay_misc_feat_secret_circle, elyvilon_altar_1, uniq_duvessa

Skill      XL: |  1  2  3  4  5  6 |
---------------+-------------------+-----
Spellcasting   | 3 4 5 |  5.1
Dodging        | 1 2 |  2.6
Fighting       | 3 |  3.3
Necromancy     | 3 |  3.5
Stealth        | 1 |  1.4
Staves         | |  1.0
Throwing       | |  2.2
Summonings     | |  1.0

Action                   |  1- 3 |  4- 6 |  7- 9 || total
-------------------------+-------+-------+-------++-------
Melee: Dagger            |    78 |    94 |     5 ||   177
Throw: Dart              |       |    45 |    10 ||    55
 Cast: Pain              |    39 |    69 |       ||   108
       Animate Skeleton  |       |     5 |       ||     5
Evoke: Wand              |       |     7 |       ||     7
  Use: Potion            |     2 |     6 |       ||     8
       Scroll            |       |     7 |       ||     7
 Stab: Sleeping          |     1 |       |       ||     1
  Eat: Chunk             |     4 |     7 |     3 ||    14
       Ration            |       |     3 |       ||     3
Armor: Robe              |    30 |    16 |     3 ||    49
       Skin              |       |     8 |       ||     8
Dodge: Dodged            |   113 |   113 |     9 ||   235

Table legend:
 A = Non-vault XP
 B = Vault XP
 C = Vault XP percentage of total XP
 D = Non-vault monster count
 E = Vault monster count
 F = Vault count percentage of total count
                 A         B        C        D         E       F
            +---------+---------+-------+---------+---------+-------
      Total |     469 |      81 |  14.7 |      70 |       2 |   2.8
            +---------+---------+-------+---------+---------+-------
        D:1 |      31 |       0 |   0.0 |      17 |       0 |   0.0
        D:2 |      62 |       0 |   0.0 |      24 |       0 |   0.0
        D:3 |     274 |      31 |  10.2 |      23 |       1 |   4.2
        D:4 |     102 |      50 |  32.9 |       6 |       1 |  14.3
            +---------+---------+-------+---------+---------+-------
